 Dungeon Crawl Stone Soup version 0.30-a0-347-gf58ed5266c (webtiles) character file.

Game seed: 9692197834768049690

34 runemasterragnar the Ruffian (level 3, 0/29 HPs)
             Began as a Draconian Transmuter on Nov 6, 2022.
             Was a Believer of Lugonu.
             Slain by a thrashing horror (3 damage)
             ... on level 1 of the Abyss.
             The game lasted 00:02:17 (1868 turns).

runemasterragnar the Ruffian (Draconian Transmuter) Turns: 1868, Time: 00:02:18

Health: 0/29       AC:  5    Str: 14    XL:     3   Next: 14%
Magic:  6/6        EV: 12    Int: 13    God:    Lugonu [**....]
Gold:   100        SH:  0    Dex: 11    Spells: 5/6 levels left

rFire   . . .      SeeInvis .      - Unarmed
rCold   . . .      Faith    .    (no shield)
rNeg    . . .      Spirit   .    (body armour unavailable)
rPois   .          Reflect  .    (helmet restricted)
rElec   .          Harm     .    (no cloak)
rCorr   .          Rampage  .    (no gloves)
Will    .....                    (no boots)
Stlth   +.........               (no amulet)
HPRegen 0.24/turn                (no ring)
MPRegen 0.10/turn                (no ring)

@: no status effects
A: AC +5, unfitting armour, cold-blooded
a: Renounce Religion, Depart the Abyss, Banish


You were on level 1 of the Abyss.
You worshipped Lugonu.
Lugonu was pleased with you.
You visited 1 branch of the dungeon, and saw 2 of its levels.
You visited the Abyss 1 time.

You collected 100 gold pieces.

Inventory:

Wands
 l - a wand of flame (18)
Scrolls
 g - 2 scrolls of teleportation {unknown}
 h - a scroll of magic mapping {unknown}
 i - a scroll of vulnerability {unknown}
 k - 2 scrolls of blinking {unknown}
Potions
 a - 2 potions of lignification
 b - a potion of curing {unknown}
 c - a potion of degeneration {unknown}
 d - a potion of flight {unknown}
 e - a potion of mutation {unknown}
 f - a potion of magic {unknown}
 j - 2 potions of ambrosia {unknown}
 m - a potion of invisibility {unknown}


   Skills:
 + Level 1.7 Fighting
 + Level 2.1 Dodging
 + Level 3.2 Unarmed Combat
 + Level 2.3 Spellcasting
 + Level 2.3 Transmutations


You had 5 spell levels left.
You knew the following spells:

 Your Spells              Type           Power      Damage    Failure   Level
a - Beastly Appendage     Tmut           14%        N/A       10%         1

Your spell library contained the following spells:

 Spells                   Type           Power      Damage    Failure   Level
 Wereblood                Tmut           7%         N/A       14%         2
 Spider Form              Tmut/Pois      4%         N/A       41%         3
 Ice Form                 Ice/Tmut       4%         N/A       83%         4


Dungeon Overview and Level Annotations

Branches:
Dungeon (2/15)

Altars:
Lugonu

Shops:
D:1 (=[

Annotations:
D:2 Crazy Yiuf


Innate Abilities, Weirdness & Mutations

Your plain brown scales are hard. (AC +5)
You cannot fit into any form of body armour.
You are cold-blooded and may be slowed by cold attacks.


Message History

You see here a +0 robe.
There is an open door here.
You see here a +0 spear.
Key pressed, stopping explore.
Crazy Yiuf shouts!
Could not explore, unopened runed door.
Could not explore, unopened runed door.
Casting: Beastly Appendage (safe; 10% risk of failure)
Confirm with . or Enter, or press ? or * to list all spells.
You grow a pair of large bovine horns.
Your feet morph into talons.
As you open the door, it creaks loudly!
You hit Crazy Yiuf. You claw Crazy Yiuf. You headbutt Crazy Yiuf!
Crazy Yiuf is severely wounded.
Your transformation is almost over.
Crazy Yiuf hits you with a +4 quarterstaff of chaos!
You are cast into the Abyss!
This branch contains the abyssal rune of Zot.
There is an open translucent door here.
Your horns disappear.
Your talons disappear.
Found a corrupted altar of Lugonu.
Found a gateway leading deeper into the Abyss.
The thrashing horror roars!
The thrashing horror tramples you!
You stumble backwards!
The thrashing horror tramples you.
You stumble backwards!
Found a gateway leading deeper into the Abyss.
The thrashing horror tramples you.
You stumble backwards!
The thrashing horror closely misses you.
The thrashing horror tramples you!
* * * LOW HITPOINT WARNING * * *
You hold your ground!
The thrashing horror tramples you.
* * * LOW HITPOINT WARNING * * *
You stumble backwards!
You can't go down here!
You hit the thrashing horror.
Your tail-slap misses the thrashing horror.
The thrashing horror is lightly damaged.
The thrashing horror closely misses you. x2
The thrashing horror tramples you.
You die...

.###. .#.. ♣ #..#
♣♣♣ ♣.♣♣♣#..# ♣ .###
♣.♣....# ..
.#♣..♣.....# ♣#...
.♣ ♣.X@..# #.. #♣
♣.....# .. . #.##
♣♣..### ....♣ ♣♣.♣♣♣
♣♣♣..# ... ♣...♣
♣♣#. ..#
.....##.####.#
#....# #...
##..##...#.## .#..
..##.#....#
.#...#.._.#.#..#.##.


You could see a thrashing horror.

Vanquished Creatures
  An adder (D:2)
  2 endoplasms
  3 giant cockroaches
  5 goblins (D:1)
  2 hobgoblins
  A quokka (D:1)
  3 ball pythons
  A bat (D:1)
  2 frilled lizards
  2 kobolds
  A rat (D:1)
23 creatures vanquished.

Notes
Turn   | Place    | Note
-------+----------+-------------------------------------------
     0 | D:1      | runemasterragnar the Draconian Transmuter began the quest
                  | for the Orb.
     0 | D:1      | Reached XP level 1. HP: 16/16 MP: 3/3
   289 | D:1      | Found Ucotikhla's Antique Armour Shoppe.
   292 | D:1      | Reached XP level 2. HP: 23/23 MP: 3/5
   434 | D:1      | Found Papnuegu's Antique Weapon Shoppe.
   540 | D:1      | Found Maizojy's Jewellery Boutique.
   991 | D:2      | Found a faded altar of an unknown god.
  1006 | D:2      | Prayed at the altar of an unknown god.
  1006 | D:2      | Became a worshipper of Lugonu the Unformed
  1006 | D:2      | Reached * piety under Lugonu
  1006 | D:2      | Reached ** piety under Lugonu
  1296 | D:2      | Reached XP level 3. HP: 8/29 MP: 4/6
  1529 | D:2      | Found a runed translucent door.
  1530 | D:2      | Noticed Crazy Yiuf
  1838 | Abyss:1  | Cast into level 1 of the Abyss (Crazy Yiuf)
  1850 | Abyss:1  | Found a corrupted altar of Lugonu.
  1855 | Abyss:1  | Noticed a thrashing horror
  1868 | Abyss:1  | Slain by a thrashing horror

Illustrated notes

Levels and vault maps discovered:
D:1:      eino_arrival_tree_alley, layout_loops_ring, serial_shops, shop,
          shop_statue, nicolae_shop_stone, serial_glass, glass_columns_c,
          glass_columns_a, glass_columns_b, glass_columns_b, glass_columns_b,
          due_unseen_surprise, roderic_lattice_a, skrybe_limestone_x
D:2:      layout_basic, ebering_ecumenical_altar_rust, minmay_hedge_maze,
          uniq_crazy_yiuf_cottage
Abyss:1:  base:
D:2

Skill      XL: |  1  2 |
---------------+-------+-----
Dodging        | 2 |  2.1
Fighting       | |  1.7
Unarmed Combat | |  3.2
Spellcasting   | |  2.3
Transmutations | |  2.3

Action                   || total
-------------------------++-------
Melee: Unarmed           ||    75
       Headbutt          ||     9
       Kick              ||    14
       Tailslap          ||     3
       Punch             ||     1
 Cast: Beastly Appendage ||    21
Armor: Skin              ||    20
Dodge: Dodged            ||    39

Table legend: (Time is in decaauts)
 A = Elapsed time spent in this place.
 B = Non-inter-level travel time spent in this place.
 C = Inter-level travel time spent in this place.
 D = Time resting spent in this place.
 E = Time spent auto-exploring this place.
 F = Levels seen in this place.
 G = Mean time per level.
                   A        B        C        D        E       F      G
               +--------+--------+--------+--------+--------+-----+--------+
         Total |   1863 |   1851 |     12 |      0 |   1614 |   3 |  621.0 |
       Dungeon |   1833 |   1821 |     12 |      0 |   1614 |   2 |  916.5 |
         Abyss |     29 |     29 |      0 |      0 |      0 |   1 |   29.0 |
               +--------+--------+--------+--------+--------+-----+--------+

Top non-repeatable levels by time:
     D:2: 930 daAuts
     D:1: 903 daAuts
 Abyss:1: 29 daAuts
